 Dungeon Crawl Stone Soup version 0.22-a0-538-g76cc104 (webtiles) character file.

168 Wanace the Shield-Bearer (level 5, -6/46 HPs)
             Began as a Hill Orc Fighter on June 23, 2018.
             Splashed by Ijyb's acid (11 damage)
             ... on level 3 of the Dungeon.
             The game lasted 00:08:49 (2368 turns).

Wanace the Shield-Bearer (Hill Orc Fighter)         Turns: 2368, Time: 00:08:50

Health: -6/46      AC:  0    Str: 20    XL:     5   Next: 49%
Magic:  5/5        EV:  8    Int:  8    God:
Gold:   75         SH:  9    Dex: 10    Spells: 4/4 levels left

rFire    . . .     SeeInvis .   a - +0 flail
rCold    . . .     Gourm    .   c - +0 shield
rNeg     . . .     Faith    .   b - +0 scale mail
rPois    .         Spirit   .   (no helmet)
rElec    .         Reflect  .   (no cloak)
rCorr    .         Harm     .   (no gloves)
MR       .....                  (no boots)
Stlth    ..........             (no amulet)
HPRegen  0.15/turn              (no ring)
MPRegen  0.09/turn              (no ring)

@: corroded
A: no striking features
a: no special abilities


You were on level 3 of the Dungeon.
You were not hungry.

You visited 1 branch of the dungeon, and saw 3 of its levels.

You collected 75 gold pieces.

Inventory:

Hand Weapons
 a - a +0 flail (weapon)
 t - a cursed +2 mace
Armour
 b - a +0 scale mail (worn)
 c - a +0 shield (worn)
Jewellery
 i - an uncursed ring of magical power {unknown}
 s - an uncursed ring of see invisible {unknown}
Scrolls
 g - 6 scrolls of identify {unknown}
 h - a scroll of magic mapping {unknown}
 j - 3 scrolls of remove curse {unknown}
 k - a scroll of blinking {unknown}
 l - 2 scrolls of enchant armour {unknown}
 n - a scroll of teleportation {unknown}
Potions
 d - a potion of might
 e - 2 potions of heal wounds {unknown}
 m - a potion of magic {unknown}
 o - a potion of cancellation {unknown}
 p - a potion of curing {unknown}
 q - a potion of brilliance {unknown}
 r - a potion of lignification {unknown}
Comestibles
 f - 4 rations


   Skills:
 + Level 4.0 Fighting
 + Level 3.9 Maces & Flails
 + Level 4.1 Armour
 + Level 0.9 Dodging
 + Level 0.4 Stealth
 + Level 4.4 Shields


You had 4 spell levels left.
You didn't know any spells.
Your spell library was empty.

Dungeon Overview and Level Annotations

Branches:
Dungeon (3/15)

Altars:
Gozag

Annotations:
D:3 Ijyb


Message History

You now have 71 gold pieces (gained 1).
You now have 72 gold pieces (gained 1).
You now have 73 gold pieces (gained 1).
You now have 74 gold pieces (gained 1).
You now have 75 gold pieces (gained 1).
Ijyb the Twisted Goblin comes into view.
She is wielding a dagger.
Ijyb shouts!
You hear a shout!
Ijyb drinks a potion.
Ijyb suddenly seems more agile.
Found a scroll labeled OFAMI WORI.
Ijyb zaps a wand.
The bolt of acid hits you! The acid corrodes you!
You are splashed with acid!
The acid burns!
It is a wand of acid (3).
You miss Ijyb. Ijyb barely misses you.
You closely miss Ijyb.
Ijyb zaps a wand.
The bolt of acid misses you. Ijyb hits you but does no damage.
You closely miss Ijyb. Ijyb screams, "I no like you!"
Ijyb zaps a wand.
The bolt of acid hits you!
* * * LOW HITPOINT WARNING * * *
The acid corrodes you!
You are splashed with acid!
The acid burns!
You die...

# . # .. # .. ####?
##.##### ##.....
##...#8_8# ###......#
...# #...# ##.....#
.#####...# ##...####
.....##.####....##
.###.<..........@# .#
###...#.....#.g......
.#####.......#####......
..........#.## ......
..####......# .....
.##.......### .####
.##.......# . #.......#
## #.......#


You could see Ijyb.

Vanquished Creatures
  A wight (D:2)
  3 adders (D:2)
  An ooze (D:1)
  4 worms (D:2)
  2 dart slugs (D:2)
  3 leopard geckos
  A ball python (D:2)
  9 bats
  8 goblins
  5 hobgoblins
  11 jackals
  4 quokkas
  2 frilled lizards
  9 kobolds
  7 rats
70 creatures vanquished.

Notes
Turn   | Place    | Note
-------+----------+-------------------------------------------
     0 | D:1      | Wanace the Hill Orc Fighter began the quest for the Orb.
     0 | D:1      | Reached XP level 1. HP: 19/19 MP: 1/1
   160 | D:1      | Reached XP level 2. HP: 26/27 MP: 2/2
   525 | D:1      | Reached XP level 3. HP: 33/33 MP: 3/3
  1291 | D:2      | Reached XP level 4. HP: 31/40 MP: 4/4
  2243 | D:2      | Reached XP level 5. HP: 46/46 MP: 5/5
  2325 | D:3      | Found an opulent altar of Gozag.
  2362 | D:3      | Noticed Ijyb
  2368 | D:3      | Splashed by Ijyb's acid

Vault maps used:
D:1:      shiori_shiawase, minmay_misc_feat_doors, minmay_strange_pillars
D:2:      minmay_divided_ellipse
D:3:      grunt_gozag_breadcrumbs, old_standard_altar, uniq_ijyb, uniq_natasha,
          uniq_jessica

Skill      XL: |  1  2  3  4  5 |
---------------+----------------+-----
Shields        | 4 |  4.4
Maces & Flails | 3 |  3.9
Armour         | 4 |  4.1
Fighting       | 4 |  4.0
Dodging        | |  0.9
Stealth        | |  0.4

Action                   |  1- 3 |  4- 6 || total
-------------------------+-------+-------++-------
Melee: Flail             |   151 |   127 ||   278
  Eat: Chunk             |     1 |     4 ||     5
Armor: Scale mail        |    81 |    78 ||   159
Dodge: Dodged            |    52 |    59 ||   111
Block: Shield            |    76 |    77 ||   153

Table legend:
 A = Spawn XP
 B = Non-spawn XP
 C = Spawn XP percentage of total XP
 D = Spawn monster count
 E = Non-spawn monster count
 F = Spawn count percentage of total count
 G = Total turns spent on level
                    A         B        C        D         E        F      G
               +---------+---------+-------+---------+---------+-------+---------
         Total |       0 |     241 |   0.0 |       0 |      70 |   0.0 |  2368
               +---------+---------+-------+---------+---------+-------+---------
           D:1 |       0 |      51 |   0.0 |       0 |      27 |   0.0 |   887
           D:2 |       0 |     188 |   0.0 |       0 |      42 |   0.0 |  1419
           D:3 |       0 |       2 |   0.0 |       0 |       1 |   0.0 |    62
               +---------+---------+-------+---------+---------+-------+---------
